[Event "10th Iberoamericano-ch 2024"]
[Site "Linares"]
[Date "2024.09.28"]
[Round "6.1"]
[White "Garcia Ramos, Daniel"]
[Black "Quesada Perez, Luis Ernesto"]
[Result "0-1"]
[Annotator "TA"]
[ECO "C50"]
[WhiteElo "2415"]
[BlackElo "2578"]
[PlyCount "112"]
[EventDate "2024.09.25"]
[EventType "swiss"]
[EventCountry "ESP"]
[SourceTitle "playchess.com"]
[Source "ChessBase"]
[SourceQuality "1"]
[TimeControl "5400+30"]

1. e4 e5 2. Nf3 Nc6 3. Bc4 Nf6 4. d3 Bc5 5. a4 d6 6. a5 a6 7. c3 Ba7 8. O-O {[%emt 0:00:44] The position is equal.} O-O 9. Be3 Bxe3 10. fxe3 Ne7 11. Nbd2 Ng6 12. d4 Qe7 13. Qb3 Bd7 14. Rae1 ({Of course not} 14. Qxb7 Rfb8 15. Qxc7 Ne8 (15... Rxb2 16. Bb3 $14) 16. Bxf7+ Qxf7 $17) 14... h6 15. h3 (15. Qxb7 $2 {perishes.} Rfb8 16. Qxc7 Ne8 (16... Rxb2 17. Bb3 $14) 17. Bxf7+ Qxf7 $19) 15... Rab8 16. Qc2 Rbe8 17. Rf2 Kh8 18. Nf1 c6 19. Ng3 d5 20. exd5 cxd5 21. Ba2 e4 22. Nd2 Qd6 23. Ndf1 (23. Ne2 $5) 23... Ne7 24. Qb3 (24. c4 $11) 24... Rc8 25. Ne2 Bb5 26. Nfg3 Nfg8 27. Qd1 (27. Qb4 $11 Qxb4 28. cxb4) 27... f5 $36 {[%emt 0:00:32][%mdl 2048] Black is in control. White is now going downhill.} 28. Ref1 (28. Qd2 $142) 28... g6 29. Bb3 h5 {[%emt 0:06:19] Black is much more active.} 30. Rf4 (30. Re1 $17) 30... Nh6 $19 31. Ba4 Bxa4 32. Qxa4 {[%emt 0:00:05] [#]} g5 $1 33. R4f2 h4 34. Nh1 {[%emt 0:00:43] [#]} (34. Nh5 {only move.}) 34... f4 $1 35. Qa3 (35. exf4 g4) 35... Qxa3 36. bxa3 Nef5 37. exf4 g4 38. Rb1 g3 39. Rff1 Rc7 40. Rb6 Kg7 41. Rfb1 Rff7 42. Re6 Rf6 43. Re5 {[%emt 0:00:27] [#]} Rd7 44. Re8 Nf7 45. Rc8 N7d6 46. Rb8 Rf8 {[%emt 0:00:19] Against a4} 47. Rxf8 Kxf8 48. Rb6 Kf7 49. a4 Nc4 50. Rb1 Rc7 51. Rb4 Nxa5 {[%emt 0:00:30] Threatens to win with ...Rc4.} 52. Kf1 Nc4 {[%emt 0:00:08][%cal Ob7b5] aiming for ...b5!} 53. Ke1 Nce3 {[%emt 0:00:55] ...Nc2+ is the strong threat.} 54. Kd2 Nc4+ $2 (54... Nxg2 $19 55. Rb3 Nge3 56. Nhxg3 hxg3 (56... Nc4+ $2 57. Ke1 $19)) 55. Kc1 $2 (55. Ke1 $11 Nfe3 (55... Nce3 $2 56. Kd2 $19) 56. Rb3) 55... Ke6 56. Rb3 Rg7 {[%emt 0:00:49] Weighted Error Value: White=0.45/Black=0.19 (very precise) .  Mistake:       	White=5     	---        Inaccurate:     	White=4     	Black=2      OK:         	White=13    	Black=23     Best:        	White=1     	Black=3} 0-1

[Event "10th Iberoamericano-ch 2024"]
[Site "Linares"]
[Date "2024.09.28"]
[Round "6.2"]
[White "Pichot, Alan"]
[Black "Flores Quillas, Diego Saul Rodri"]
[Result "1/2-1/2"]
[Annotator "TA"]
[ECO "C67"]
[WhiteElo "2628"]
[BlackElo "2451"]
[PlyCount "49"]
[EventDate "2024.09.25"]
[EventType "swiss"]
[EventCountry "ESP"]
[SourceTitle "playchess.com"]
[Source "ChessBase"]
[SourceQuality "1"]
[TimeControl "5400+30"]

1. e4 e5 2. Nf3 Nc6 3. Bb5 Nf6 4. O-O Nxe4 5. d4 Nd6 6. Bxc6 dxc6 7. dxe5 Nf5 8. Qxd8+ Kxd8 9. Nc3 Bd7 10. h3 h6 11. b3 Kc8 12. Bb2 Ne7 13. Nd4 c5 14. Nde2 Bf5 15. Rac1 h5 16. Ng3 Bg6 17. Rfe1 h4 18. Nge4 b6 19. Ng5 Rh5 20. Nce4 Nc6 21. f4 Be7 22. Rcd1 Kb7 23. c4 Rd8 24. Rxd8 Nxd8 25. Kf2 {[%emt 0:04:02] Not much happened in this game.   Weighted Error Value: White=0.09 (flawless) /Black=0.07 (flawless) .  Inaccurate:     	White=1     	Black=1      OK:         	White=3     	Black=5      Best:        	---       	Black=1} 1/2-1/2

[Event "10th Iberoamericano-ch 2024"]
[Site "Linares"]
[Date "2024.09.28"]
[Round "6.4"]
[White "Santos Flores, Alberto"]
[Black "Avila Pavas, Santiago"]
[Result "0-1"]
[Annotator "TA"]
[ECO "B03"]
[WhiteElo "2168"]
[BlackElo "2485"]
[PlyCount "100"]
[EventDate "2024.09.25"]
[EventType "swiss"]
[EventCountry "ESP"]
[SourceTitle "playchess.com"]
[Source "ChessBase"]
[SourceQuality "1"]
[TimeControl "5400+30"]

1. e4 Nf6 2. e5 Nd5 3. d4 d6 4. Bc4 Nb6 5. Bb3 dxe5 6. Qf3 e6 7. dxe5 a5 {[%emt 0:00:19] And now ...a4 would win.} 8. c3 ({White should try} 8. a4 $1 $11) 8... Bd7 $1 $15 9. Nd2 Bb5 {[%emt 0:07:48] Against Nc4. Black is better.} 10. c4 (10. a4 $142 Ba6 11. Qg3) 10... Bc6 11. Qg3 a4 {[%emt 0:00:41] Black is more active.} 12. Bc2 Bb4 13. Qxg7 Rf8 14. a3 (14. Qxh7 $2 Nxc4 (14... Bxg2 $2 15. a3 $19) 15. Qd3 Qxd3 (15... Bxg2 16. Qxc4 Bxd2+ 17. Bxd2 $17) (15... Nxe5 16. Qxd8+ Kxd8 17. Kf1 $17) 16. Bxd3 Bxg2 (16... Nxe5 $2 17. Bf1 $19) 17. Bxc4 Rg8 $19 (17... Bxh1 $2 18. Kf1 $19)) 14... Ba5 $36 {[%emt 0:00:50][%mdl 2048] White is under pressure.} 15. Ne2 (15. Qxh7 $2 {loses.} Nxc4 16. Qh6 Bxg2 (16... Nxe5 $2 17. Qh3 $19) 17. Bxa4+ Nc6 $19 (17... Nd7 $2 18. b4 $19)) (15. Ke2 $1 $15) 15... Nxc4 $17 16. Nc3 Qd4 17. O-O Nxd2 18. Rd1 Bxc3 19. bxc3 Qxc3 20. Bxd2 Qxc2 21. Bb4 {[%emt 0:02:43][%csl Gb4][%cal Rg7f8] [#]} Nd7 22. Qg5 {[%emt 0:01:44][%csl Gb4][%cal Rg5e7] [#]} (22. Rxd7 Kxd7) 22... Nc5 $1 {[%emt 0:01:34][%cal Oc2f2] Hoping for ...Qxf2+!} (22... f6 23. Qg7 O-O-O 24. Bxf8 fxe5 (24... Rxf8 $2 {too greedy.} 25. Rxd7 fxe5 26. Rxc7+ Kb8 27. Rxb7+ Bxb7 28. Qxf8+ Ka7 29. Qb4 $18) 25. Bb4 $16) 23. Rac1 Qg6 24. Qxg6 fxg6 25. Bxc5 Rf5 26. Be3 Rd8 27. f4 Rf7 28. Rxd8+ Kxd8 {[%emt 0:00:06][%mdl 4096] Endgame. KRB-KRB} 29. Kf2 Rd7 30. Rc2 Bb5 31. g4 Rd3 32. Rd2 Rxd2+ 33. Bxd2 {[%emt 0:00:01] KB-KB} Kd7 34. Ke3 c5 35. Ke4 (35. Ba5 $17) 35... Kc6 $19 36. h4 h5 37. gxh5 gxh5 38. f5 $2 (38. Ke3 {was worth a try.}) 38... exf5+ 39. Kxf5 Kd5 40. e6 Bc6 41. e7 $2 (41. Ba5 b5 42. Kf4) 41... b5 {[%emt 0:00:28] ( -> ...Kc4)} 42. Kg6 {[%emt 0:00:24] [#]} Be8+ $1 43. Kg7 Kc4 44. Kf8 Bd7 45. e8=Q Bxe8 46. Kxe8 b4 47. axb4 cxb4 {[%emt 0:00:25] Black mates.} 48. Kf7 a3 49. Bc1 a2 50. Bb2 Kb3 {[%emt 0:00:03] Weighted Error Value: White=0.63/Black=0.12 (very precise) .  Mistake:       	White=6     	---        Inaccurate:     	White=2     	Black=3      OK:         	White=8     	Black=17     Best:        	White=4     	Black=2      Strong:       	---       	Black=2} 0-1

[Event "10th Iberoamericano-ch 2024"]
[Site "Linares"]
[Date "2024.09.28"]
[Round "6.5"]
[White "Fernandez Guillen, Ernesto J."]
[Black "Garrido Outon, Alex"]
[Result "1-0"]
[Annotator "TA"]
[ECO "C50"]
[WhiteElo "2463"]
[BlackElo "2448"]
[PlyCount "66"]
[EventDate "2024.09.25"]
[EventType "swiss"]
[EventCountry "ESP"]
[SourceTitle "playchess.com"]
[Source "ChessBase"]
[SourceQuality "1"]
[TimeControl "5400+30"]

1. e4 e5 2. Nf3 Nc6 3. Bc4 d6 4. h3 Be7 5. d4 Nf6 6. Nc3 O-O (6... Nxe4 {keeps more tension.} 7. Nxe4 d5 8. Bb5 dxe4 9. Nxe5 Qd6) 7. d5 Nb8 8. g4 Nbd7 9. Be3 {[%emt 0:05:04] The position is equal.} Nb6 10. Bb3 c6 11. g5 Nfd7 12. dxc6 (12. h4 $14) 12... bxc6 $15 13. Rg1 Ba6 (13... Kh8 $11) 14. Nd2 {[%emt 0:20:50] White has more active pieces.} (14. Nh4 $14) 14... Nc5 $11 15. g6 (15. Qf3 {simplifies} Nxb3 16. axb3 Bc8 17. Qg3) 15... hxg6 $1 16. Rxg6 (16. Bxc5 $2 dxc5 17. a4 (17. Rxg6 $2 c4 $19) 17... c4 $19) 16... Bf6 (16... Nxb3 $11 {keeps the balance.} 17. Rxg7+ Kxg7 18. Qg4+ Bg5 19. Bxg5 Bc8) 17. Rg1 $16 Qe7 18. Qf3 Rfd8 19. O-O-O Nxb3+ 20. axb3 Qe6 (20... d5 $11 21. exd5 cxd5) 21. Bg5 (21. Qh5 $142 {Nf3 is the strong threat.} Nd7 22. Nf3) 21... Nd7 22. h4 Bxg5 (22... Rab8 $142) 23. Rxg5 f6 (23... Qf6 $16) 24. Rg3 $18 Nf8 25. Rdg1 Rd7 26. Nd1 g6 27. Ne3 {[%emt 0:00:45] [#] Rxg6+ would now be deadly.} (27. h5 g5 $16) 27... Kh8 28. Ng4 {[%emt 0:04:14] Hoping for h5.} Rf7 29. Qc3 d5 (29... Re8 $142 30. h5 (30. Qxc6 Bb7 $11) 30... g5) 30. Nf3 Re8 $2 {[%emt 0:01:25] [#]} (30... d4 31. Qd2 Rh7 32. Ngxe5 fxe5) 31. Ngxe5 $1 fxe5 32. Ng5 $1 Qf6 (32... d4 $2 33. Qa5 (33. Nxf7+ Qxf7 34. Rf3 Qe7 $11) 33... Qf6 34. Nxf7+ (34. Qxa6 Rg7 $18) (34. Rf3 Qxg5+ 35. Rxg5 Rxf3 $18) 34... Qxf7 35. Qxa6 $18) 33. Rf3 (33. Nxf7+ Qxf7 34. h5 (34. Qxc6 Bb7 $16) 34... Kg7 $18) 33... Qe7 {Weighted Error Value: White=0.24 (precise) /Black=0.39.  Mistake:       	White=3     	Black=8      Inaccurate:     	White=2     	Black=1      OK:         	White=10    	Black=7      Best:        	White=2     	Black=3      Strong:       	---       	Black=1} (33... Qxf3 $142 34. Nxf3 d4) 1-0

[Event "10th Iberoamericano-ch 2024"]
[Site "Linares"]
[Date "2024.09.28"]
[Round "6.6"]
[White "Zambrana, Osvaldo"]
[Black "Vallejo Pons, Francisco"]
[Result "0-1"]
[Annotator "TA"]
[ECO "B90"]
[WhiteElo "2405"]
[BlackElo "2657"]
[PlyCount "82"]
[EventDate "2024.09.25"]
[EventType "swiss"]
[EventCountry "ESP"]
[SourceTitle "playchess.com"]
[Source "ChessBase"]
[SourceQuality "1"]
[TimeControl "5400+30"]

1. e4 c5 2. Nf3 d6 3. d4 cxd4 4. Nxd4 Nf6 5. Nc3 a6 6. Rg1 b5 7. g4 Bb7 8. Bg2 e6 9. Qe2 (9. g5 $11 Nfd7 10. a3) 9... Nfd7 10. Be3 Nc6 11. O-O-O Be7 (11... b4 $5 12. Nd5 Nxd4 (12... exd5 13. exd5 Nxd4 14. Bxd4+ Be7 15. Bxg7 $11) 13. Bxd4 exd5 14. exd5+ Be7 (14... Qe7 15. Qd2 $14) 15. Bxg7 Rg8 $17) 12. a3 Nce5 13. f4 Nc4 14. Bf2 (14. Bh3 $11) 14... O-O (14... Rc8 $1 $15) 15. h4 Rc8 $1 $17 16. Rd3 Re8 ({Don't play} 16... Bxh4 $6 17. Bxh4 Qxh4 18. Rh1 $15) 17. g5 e5 18. fxe5 Ndxe5 19. Rg3 g6 (19... d5 $17) 20. Kb1 Bf8 21. Qd1 (21. Bh3 $11 {deserves consideration.}) 21... Bg7 $15 {[%emt 0:01:22][%cal Ob5b4] Black is more active.} 22. Nb3 (22. Qc1 $15) 22... a5 $17 {[%emt 0:08:48] Hoping for ...b4.} 23. Bd4 Bc6 (23... b4 $17 24. axb4 axb4) 24. Bf1 {[%emt 0:04:21] [#]} (24. h5 $15) 24... b4 ({Black should try} 24... d5 $1 $17 25. exd5 Bxd5) 25. axb4 (25. Bxc4 $11 bxc3 (25... Nxc4 26. Bxg7 Kxg7 27. Qd4+ Kg8 28. Qxc4 $11) 26. Rxc3) 25... axb4 $15 26. Bxc4 $1 bxc3 27. Rxc3 Bxe4 28. Bb5 {[%emt 0:00:02] Rxc8 would now be deadly.} Rf8 29. Re1 $1 Rb8 30. Rxe4 Rxb5 31. Qf1 Qa8 {[%emt 0:02:47] aiming for ...Rxb3.} 32. Re1 (32. Rf4 $11 Qd5 33. Qe2) 32... Qa4 $17 33. Rc7 Rxb3 34. Bxe5 {[%emt 0:00:01] [#]} Bxe5 (34... Ra3 $1 $17 {[%cal Ra3a1] ( -> ...Ra1#)} 35. bxa3 (35. Bxd6 $2 Ra1#) 35... Qxa3) 35. cxb3 $15 Qxb3 (35... Qxh4 $5 36. Re2 Qg3 $17 (36... Qxg5 37. Rf2 $11)) 36. Qf2 (36. Rc2 $1 $11 {and White is okay.}) 36... Ra8 $40 {[%emt 0:01:18][%mdl 128] And now ...Qa2+ would win. White is in trouble.} 37. Rxe5 dxe5 38. Qc2 $2 (38. Qc5) 38... Qa2+ 39. Kc1 Qa1+ 40. Qb1 Qa5 41. Rc3 (41. Rc4) 41... Qb4 {[%emt 0:00:13] Weighted Error Value: White=0.57/Black=0.25 (precise) .  Loses game:     	White=1     	---        Mistake:       	White=10    	Black=5      Inaccurate:     	White=1     	Black=4      OK:         	White=9     	Black=11     Best:        	White=4     	Black=3      Strong:       	White=2     	Black=1} 0-1

[Event "10th Iberoamericano-ch 2024"]
[Site "Linares"]
[Date "2024.09.28"]
[Round "6.7"]
[White "Veiga, Jose Francisco R P N"]
[Black "Henriquez Villagra, Cristobal"]
[Result "0-1"]
[Annotator "TA"]
[ECO "B22"]
[WhiteElo "2404"]
[BlackElo "2604"]
[PlyCount "98"]
[EventDate "2024.09.25"]
[EventType "swiss"]
[EventCountry "ESP"]
[SourceTitle "playchess.com"]
[Source "ChessBase"]
[SourceQuality "1"]
[TimeControl "5400+30"]

1. e4 c5 2. c3 Nf6 3. e5 Nd5 4. Nf3 Nc6 5. Bc4 Nb6 6. Bb3 d5 7. exd6 e6 8. O-O Bxd6 9. d4 c4 (9... O-O $11) 10. Bc2 $16 Ne7 11. Re1 Qc7 12. Nbd2 Ned5 13. Ne4 Be7 14. Ng3 O-O 15. Ne5 f5 16. Qe2 Bf6 17. Nh5 Bxe5 18. Qxe5 Qxe5 19. Rxe5 Bd7 20. Bd2 g6 21. Ng3 Kf7 22. Rae1 Rfe8 23. f3 Ba4 24. Bb1 a5 (24... Nd7 $5) 25. Nh1 Nd7 26. R5e2 Ra6 27. Nf2 Kg7 (27... b5 $11 {might be stronger.}) 28. g4 {[%emt 0:06:32] Black must now prevent gxf5.} N7f6 29. h4 Rb6 30. Bc1 Kf7 (30... Nxc3 $2 31. bxc3 Bc6 (31... Rxb1 $2 32. Bh6+ Kxh6 33. Rxb1 $18) 32. Bc2 Bxf3 33. Re5 $18) 31. Bg5 h5 32. gxh5 Nxh5 33. Nh3 Bd7 34. Kf2 Rh8 35. Bc1 Ng7 36. Bg5 Re8 37. Rg1 (37. Nf4 {simplifies} Nxf4 38. Bxf4 Rh8 39. Bg5) 37... Nh5 38. Rge1 Nhf6 39. Bh6 Rh8 {[%emt 0:01:02] Active counter play!} 40. Bg5 Ra6 41. Kg1 b5 42. Bd2 (42. a3 $11 {remains equal.}) 42... b4 43. Ng5+ Ke7 44. cxb4 axb4 45. b3 $2 {[%emt 0:00:12] [#]} (45. Rh2 $17) 45... c3 $19 (45... Rxh4 46. bxc4 Nc3 47. Re5 $11) 46. Bc1 Nh5 (46... Rxh4 $19 {is more deadly.} 47. Bd3 Ra8 48. Nxe6 Rah8 (48... Bxe6 49. Rxe6+ Kf7 50. Bg5 $11) 49. Nf4+ Kd6 (49... Kf7 50. Bc4 $11)) 47. Kh2 $2 (47. Bd3 $17 {is a better defense.} Rd6 48. Bc4) 47... Nhf4 {[%emt 0:00:08] A dynamic duo of knights.} 48. Rf2 Bb5 (48... Rxh4+ 49. Kg3 Rh5 (49... c2 50. Bxc2 Rh5 51. Bxf4 $18) 50. Bxf4 $17) 49. Bxf4 (49. Kg3 $142 Nh5+ 50. Kh2) 49... Nxf4 {[%emt 0:00:02] Weighted Error Value: White=0.28 (precise) /Black=0.12 (very precise) .  Loses game:     	White=1     	---        Mistake:       	White=3     	Black=3      Inaccurate:     	White=6     	Black=2      OK:         	White=11    	Black=19     Best:        	---       	Black=2} ({Weaker is} 49... Rxh4+ 50. Kg3 Rxf4 51. Rd1 $17) 0-1

[Event "10th Iberoamericano-ch 2024"]
[Site "Linares"]
[Date "2024.09.28"]
[Round "6.8"]
[White "Cesar Maestre, Bernardo"]
[Black "Fier, Alexandr"]
[Result "0-1"]
[Annotator "TA"]
[ECO "B92"]
[WhiteElo "2369"]
[BlackElo "2551"]
[PlyCount "120"]
[EventDate "2024.09.25"]
[EventType "swiss"]
[EventCountry "ESP"]
[SourceTitle "playchess.com"]
[Source "ChessBase"]
[SourceQuality "1"]
[TimeControl "5400+30"]

1. e4 c5 2. Nf3 d6 3. d4 cxd4 4. Nxd4 Nf6 5. Nc3 a6 6. Be2 e5 7. Nb3 Be7 8. Be3 Be6 9. f4 b5 $5 {[%emt 0:06:49][%mdl 4] Leaves trodden paths. B92: Sicilian Najdorf: 6 Be2.} 10. fxe5 $146 ({Predecessor:} 10. O-O O-O 11. f5 Bc8 12. Nd5 Nbd7 13. Na5 Nxd5 14. Qxd5 Rb8 15. b4 Nf6 16. Qd3 {½-½ Trs,J (2138)-Kolanek,R (2275) VW-Cup11 Gr04 email 2018}) 10... dxe5 11. Qxd8+ Bxd8 12. Nc5 Bc8 13. Nd3 Nc6 14. O-O-O O-O 15. Bf3 Re8 16. Nf2 Rb8 17. Nd5 Nxd5 18. exd5 Nd4 $1 19. Bxd4 exd4 20. Rxd4 Bb6 21. Re4 Rd8 22. Nd3 Bb7 23. Re2 Bxd5 24. Bxd5 Rxd5 25. Nb4 Rdd8 $1 26. Nc6 (26. Nxa6 $14 {was preferrable.} Ra8 27. Rd1) 26... Re8 $11 27. Rhe1 Rxe2 28. Rxe2 Ra8 29. c3 g6 30. Kc2 Kg7 31. Nb4 Bc7 32. h3 Bd6 33. Kb3 a5 34. Nd3 a4+ 35. Kc2 h5 36. a3 g5 37. Re4 Kf6 38. Ne1 Kf5 39. Kd3 g4 40. Nc2 Kg5 41. Rd4 Be5 42. Rd5 f6 43. hxg4 Kxg4 44. Rxb5 Kg3 45. Ne3 Kf2 46. Rb4 (46. Rb7 $11) 46... Rd8+ $17 47. Ke4 Re8 48. Kd3 Bd6 49. Re4 (49. Nd1+ $17 Ke1 50. Rxa4 Kxd1 51. Rh4) 49... Rxe4 $19 50. Kxe4 {[%emt 0:00:08] [#]} Bc5 $1 51. Nd5 {[%emt 0:01:28] [#]} h4 ({Black should play} 51... Kg3 $1 $17 {Strongly threatening ...Ba7.} 52. Nf4 (52. Nxf6 $2 {perishes.} h4 $19) 52... h4) 52. Nxf6 $2 ({Wrong is} 52. Nf4 $2 Bd6 53. c4 (53. Ng6 $2 Bg3 $19) 53... Bxf4 54. Kxf4 Kxg2 $19) (52. Kf4 $11) 52... Kxg2 $19 53. Nd5 Kg3 54. Nf4 Bd6 55. Ne2+ Kf2 56. Nd4 h3 57. Nf3 Bb8 58. c4 Bd6 59. c5 Bxc5 60. Kf4 Bd6+ 0-1

[Event "10th Iberoamericano-ch 2024"]
[Site "Linares"]
[Date "2024.09.28"]
[Round "6.9"]
[White "Salinas Herrera, Pablo"]
[Black "Palma Villanueva, Miguel Tadeo"]
[Result "1-0"]
[Annotator "TA"]
[ECO "B23"]
[WhiteElo "2479"]
[BlackElo "2266"]
[PlyCount "101"]
[EventDate "2024.09.25"]
[EventType "swiss"]
[EventCountry "ESP"]
[SourceTitle "playchess.com"]
[Source "ChessBase"]
[SourceQuality "1"]
[TimeControl "5400+30"]

1. e4 c5 2. Nc3 e6 3. g3 Nc6 4. Bg2 a6 5. Nge2 b5 6. d4 cxd4 7. Nxd4 Bb7 8. O-O {[%emt 0:00:08] The position is equal.} Bc5 9. Nb3 Bb6 10. Bf4 e5 (10... Nge7 $11 {keeps the balance.}) 11. Bd2 $16 Nf6 12. a4 O-O 13. Bg5 {[%emt 0:02:18] Black must now prevent Nd5.} Nd4 14. Nxd4 Bxd4 15. axb5 h6 16. Bxf6 Qxf6 17. Ne2 {[%emt 0:00:07] Hoping for Nxd4.} axb5 18. Rxa8 Bxa8 19. Nxd4 exd4 20. Qd3 Qb6 21. Rd1 Rc8 22. h4 Kf8 23. Rd2 Bb7 24. Qf3 ({Much worse is} 24. Qxd4 Qxd4 25. Rxd4 Rxc2 $11) (24. Bh3 $16) 24... Qc5 {[%emt 0:03:09] [#]} (24... b4 $11) 25. c3 $1 dxc3 26. Rxd7 Qc4 {[%emt 0:00:03] [#] ...c2 is the strong threat.} 27. bxc3 (27. Rxb7 $2 {too greedy.} c2 (27... cxb2 $2 28. Qa3+ Qc5 29. Qxb2 $18) 28. Kh2 (28. Qa3+ $2 Kg8 $19) 28... c1=Q $19 (28... c1=B $2 29. b3 $18)) 27... Bc6 28. Rd4 {[%emt 0:00:22] White is more active.} Qe6 29. Qd3 Be8 30. Rd8 Rxd8 31. Qxd8 {[%emt 0:00:06][%mdl 4096] Endgame. KQB-KQB} f6 32. Kh2 Qe7 33. Qd4 Bc6 34. f3 Kf7 35. Bf1 g5 $2 {[%emt 0:00:43] This move loses the game for Black.} (35... Qa3 $16 36. Kg1 Kg6) 36. hxg5 $18 hxg5 {[%emt 0:00:08] [#]} 37. Bxb5 $1 Bxb5 (37... Bb7 38. Bd7) 38. Qd5+ Kg7 39. Qxb5 {[%emt 0:00:05] KQ-KQ} Qa7 40. Qe2 {[%emt 0:03:19] Wards off Qf2+} Qc5 (40... Qa1 $142 41. Qd3 Qa2+ 42. Kh3 Qe6+ 43. g4 Qc6) 41. c4 Qa3 42. e5 fxe5 (42... f5 $18 43. Kg2 Qc1) 43. Qxe5+ {[%emt 0:00:04] White mates.} Kg6 44. Qe4+ Kh6 45. Kh3 Qd6 46. Qd5 Qc7 47. c5 Qc8+ 48. Kg2 Qe8 49. c6 Qe2+ 50. Kh3 g4+ 51. Kxg4 {[%emt 0:00:21] Weighted Error Value: White=0.06 (flawless) /Black=0.37.  Loses game:     	---       	Black=1      Mistake:       	White=1     	Black=4      Inaccurate:     	White=2     	Black=3      OK:         	White=21    	Black=12     Best:        	---       	Black=2      Brilliant:      	White=2     	---} 1-0

[Event "10th Iberoamericano-ch 2024"]
[Site "Linares"]
[Date "2024.09.28"]
[Round "6.10"]
[White "Ynojosa Aponte, Felix Jose"]
[Black "Gines Esteo, Pedro Antonio"]
[Result "0-1"]
[Annotator "ChessBase"]
[ECO "A12"]
[WhiteElo "2398"]
[BlackElo "2477"]
[PlyCount "64"]
[EventDate "2024.09.25"]
[EventType "swiss"]
[EventCountry "ESP"]
[SourceTitle "playchess.com"]
[Source "ChessBase"]
[SourceQuality "1"]
[TimeControl "5400+30"]

1. c4 c6 2. b3 d5 3. Nf3 dxc4 4. bxc4 e5 5. Qc2 Bd6 6. c5 Bc7 7. d3 Nf6 8. Nbd2 O-O 9. g3 Qe7 10. Bg2 Ba5 11. O-O Bb4 12. Nb3 Na6 13. Bd2 Bxd2 14. Nfxd2 Be6 15. Rab1 h5 16. Rfc1 Rad8 17. Na5 Bc8 18. Qb2 Rd4 19. Qa3 h4 20. Rc2 h3 21. Bxh3 Bxh3 22. Rxb7 Qe6 23. Nab3 Qd5 24. f3 Bc8 25. Qxa6 Rb4 26. Na5 Bxb7 27. Nxb7 Rb2 28. Rxb2 Qd4+ 29. Kf1 Qxb2 30. Nc4 Qc1+ 31. Kf2 Qh1 32. Qxc6 Ng4+ 0-1

[Event "10th Iberoamericano-ch 2024"]
[Site "Linares"]
[Date "2024.09.28"]
[Round "6.11"]
[White "Oro, Faustino"]
[Black "Jimenez Garcia, Emmanuel"]
[Result "1-0"]
[Annotator "ChessBase"]
[ECO "E33"]
[WhiteElo "2434"]
[BlackElo "2352"]
[PlyCount "85"]
[EventDate "2024.09.25"]
[EventType "swiss"]
[EventCountry "ESP"]
[SourceTitle "playchess.com"]
[Source "ChessBase"]
[SourceQuality "1"]
[TimeControl "5400+30"]

1. d4 Nf6 2. c4 e6 3. Nc3 Bb4 4. Qc2 d6 5. Nf3 Nc6 6. a3 Bxc3+ 7. Qxc3 a5 8. b3 Qe7 9. Bb2 O-O 10. d5 Nb8 11. dxe6 fxe6 12. e3 c5 13. Be2 Nc6 14. O-O e5 15. Nd2 Bg4 16. Bd3 Bh5 17. h3 Rae8 18. Ne4 Bg6 19. Ng3 e4 20. Bc2 b6 21. Rad1 Ne5 22. Qd2 Rd8 23. Ne2 a4 24. bxa4 Nxc4 25. Bb3 Bf7 26. Qc2 Nxb2 27. Bxf7+ Rxf7 28. Qxb2 Qc7 29. Rb1 Rb8 30. Rfd1 d5 31. Nc3 Rd7 32. Qb3 Qc6 33. a5 b5 34. Nxb5 Ra8 35. Qc3 c4 36. Nd4 Qa4 37. Nf5 Qxa5 38. Qe5 Qxa3 39. Ra1 Qf8 40. Rxa8 Qxa8 41. Rb1 Qe8 42. Rb8 Rd8 43. Qc7 1-0

[Event "10th Iberoamericano-ch 2024"]
[Site "Linares"]
[Date "2024.09.28"]
[Round "6.12"]
[White "Rodriguez Vila, Andres"]
[Black "Ladron De Guevara Pinto, Paolo"]
[Result "0-1"]
[Annotator "ChessBase"]
[ECO "C50"]
[WhiteElo "2417"]
[BlackElo "2371"]
[PlyCount "114"]
[EventDate "2024.09.25"]
[EventType "swiss"]
[EventCountry "ESP"]
[SourceTitle "playchess.com"]
[Source "ChessBase"]
[SourceQuality "1"]
[TimeControl "5400+30"]

1. e4 e5 2. Nf3 Nc6 3. Bc4 Nf6 4. d3 Bc5 5. O-O a6 6. Re1 O-O 7. a4 h6 8. Nbd2 d6 9. Nf1 Be6 10. Ng3 Re8 11. Bxe6 Rxe6 12. c3 d5 13. b4 Bf8 14. Rb1 b5 15. Bd2 Qd7 16. axb5 axb5 17. Ra1 Rxa1 18. Qxa1 Qc8 19. h3 dxe4 20. dxe4 Qb7 21. Be3 Nb8 22. Qb1 Nbd7 23. Rd1 c5 24. bxc5 Qc6 25. Nd4 exd4 26. cxd4 Qa6 27. d5 Re8 28. c6 Nc5 29. f3 Nxd5 30. Rxd5 Qxc6 31. Nf5 b4 32. Qc1 Rc8 33. Kh1 Ne6 34. Qxc6 Rxc6 35. Rb5 Kh7 36. e5 Bc5 37. Rb7 Rb6 38. Rxb6 Bxb6 39. Bc1 Nc5 40. Nd4 Nd3 41. Nb3 Nxe5 42. Bd2 Nd3 43. g4 Nc5 44. Nd4 b3 45. Bc1 Bd8 46. Nb5 Na4 47. Na3 Ba5 48. Be3 Bb4 49. Nb1 Nc3 50. Nd2 b2 51. Bd4 b1=Q+ 52. Nxb1 Nxb1 53. f4 Bc3 54. Bc5 g6 55. Kg2 Nd2 56. Bf8 Bd4 57. Kg3 Bc5 0-1